 Dungeon Crawl Stone Soup version 0.32-a0-120-gfac0567ad4 (webtiles) character file.

Game seed: 15737382277002173241

625 zenocrate the Insei (level 7, -2/52 HPs)
             Began as a Demonspawn Delver on Feb 6, 2024.
             Was an Initiate of Gozag.
             Slain by an ice beast (9 damage)
             ... on level 3 of the Dungeon.
             The game lasted 00:04:27 (3729 turns).

zenocrate the Insei (Demonspawn Delver)             Turns: 3729, Time: 00:04:28

Health: -2/52      AC:  3    Str: 14    XL:     7   Next: 23%
Magic:  7/7        EV: 11    Int: 23    God:    Gozag
Gold:   122        SH:  0    Dex: 14    Spells: 6/6 levels left

rFire   . .          .
                       - Unarmed
rCold   . . .        (no shield)
rNeg    . . .        a - +0 leather armour
rPois   .            (no helmet)
rElec   .            (no cloak)
rCorr   .            (no gloves)
SInv    .            (no boots)
Will    .....        j - amulet of magic regeneration
Stlth   ++           r - +6 ring of intelligence
HPRegen 0.28/turn    u - +6 ring of intelligence
MPRegen 0.50/turn

%: no passive effects
@: gold aura
A: demonic guardian 1, demonic touch 2
a: Renounce Religion, Potion Petition, Call Merchant, Bribe Branch


You were on level 3 of the Dungeon.
You worshipped Gozag.
Gozag was aware of your devotion.
You visited 2 branches of the dungeon, and saw 6 of its levels.

You collected 191 gold pieces.
You paid 69 gold pieces to Gozag.

Inventory:

Missiles
 p - 10 poisoned darts (quivered)
Armour
 a - a +0 leather armour (worn)
Jewellery
 j - an amulet of magic regeneration (around neck)
 r - a +6 ring of intelligence (left hand)
 u - a +6 ring of intelligence (right hand)
Talismans
 g - a flux talisman
Wands
 f - a wand of digging (3)
 h - a wand of light (7)
Scrolls
 b - 3 scrolls of fog
 c - a scroll of revelation
 l - 3 scrolls of vulnerability
 n - a scroll of enchant armour
 o - a scroll of summoning {unknown}
 q - a scroll of acquirement {unknown}
 t - a scroll of noise {unknown}
 v - a scroll of immolation {unknown}
 x - 2 scrolls of poison {unknown}
Potions
 d - a potion of invisibility {unknown}
 e - a potion of mutation
 i - a potion of ambrosia {unknown}
 k - a potion of attraction
 m - a potion of cancellation


   Skills:
 - Level 3.0 Fighting
 - Level 1.7 Dodging
 - Level 4.5 Stealth
 + Level 6.1 Unarmed Combat
 + Level 4.2 Evocations


You had 6 spell levels left.
You didn't know any spells.
Your spell library contained the following spells:

 Spells                   Type           Power      Damage    Failure   Level
 Static Discharge         Conj/Air       0%         3-3/arc   30%         2
 Airstrike                Air            0%         2d(0-16)  89%         4
 Summon Lightning Spire   Summ/Air       0%         N/A       89%         4


Dungeon Overview and Level Annotations

Branches:
Dungeon (5/15)             Temple (1/1) D:5

Altars:
Ashenzari
Cheibriados
Dithmenos
Fedhas
Gozag
Hepliaklqana
Kikubaaqudgha
Makhleb
Nemelex Xobeh
Okawaru
Qazlal
Ru
Sif Muna
Trog
Uskayaw
Wu Jian
Xom
Yredelemnul

Annotations:
D:4 2 runed translucent doors, Eustachio


Innate Abilities, Weirdness & Mutations

A weak demonic guardian rushes to your aid.
Your touch may inflict irresistible damage on your foes.


Message History

* * * LOW HITPOINT WARNING * * *
A demonic guardian appears!
Your white imp closely misses the ice beast.
The orc wizard hits you with a +0 dagger.
* * * LOW HITPOINT WARNING * * *
Unknown command.
You feel better. The orc wizard casts a spell at you.
You resist with some effort. The ice beast barely misses you.
Your white imp misses the ice beast.
Your shadow imp barely misses the orc wizard.
Unknown command.
You hit the ice beast but do no damage.
The orc wizard mumbles some strange words.
The orc wizard flickers and vanishes!
Deactivating autopickup; reactivate with Ctrl-A.
Unknown command.
You hit the ice beast. Your touch misses the ice beast.
Your punch misses the ice beast.
The ice beast is moderately wounded.
The ice beast hits you. The ice beast freezes you!
* * * LOW HITPOINT WARNING * * *
Your shadow imp barely misses the ice beast.
Your white imp misses the ice beast.
Something hits you.
* * * LOW HITPOINT WARNING * * *
Okay, then.
Okay, then.
Your shadow imp hits the ice beast but does no damage.
Something barely misses your shadow imp.
Unknown command.
Something closely misses your white imp.
Unknown command.
Okay, then.
You punch the ice beast!
The ice beast is heavily wounded.
The ice beast hits you.
* * * LOW HITPOINT WARNING * * *
The ice beast freezes you!
You die...
Your body crumbles into a pile of gold.

#..####.# ##.##.#
#..####.#### #.##.#
#..#.......# #######.##.#
#####..#.......# #.....^....#
...............###.##########
.......#......รท.##.#
..#.#.##........##.#
.###..##........##.## ##
##...........@Y5.# #
##.#####.##.##5.# ## ##.##
#.##.##.{# .###.## #.##.##$>#
#.#.## #.##.##..# ##.##
#.##.##..# #.# #####.##.....#
#.# #..##.#......# #.#
#..##........#


You could see an ice beast (ally target), a friendly white imp (summoned) and a
friendly shadow imp (summoned).

Vanquished Creatures
  Grinder (D:4)
  Edmund (D:4)
  2 phantoms
  A bombardier beetle (D:5)
  An orc priest (D:3)
  A sleepcap (D:3)
  An adder (D:4)
  5 ribbon worms
  2 dart slugs (D:2)
  3 orcs
  8 bats
  9 endoplasms
  3 giant cockroaches
  5 goblins
  9 hobgoblins
  6 jackals
  5 kobolds
  3 quokkas
  4 ball pythons
  3 frilled lizards
  4 rats
77 creatures vanquished.

Vanquished Creatures (collateral kills)
  4 frilled lizards (D:2)
4 creatures vanquished.

Grand Total: 81 creatures vanquished

Notes
Turn   | Place    | Note
-------+----------+-------------------------------------------
     0 | D:5      | zenocrate the Demonspawn Delver began the quest for the
                  | Orb.
     0 | D:5      | Reached XP level 1. HP: 18/18 MP: 1/1
    36 | D:5      | Reached skill level 2 in Unarmed Combat
    78 | D:5      | Noticed a phantom
    96 | D:5      | Killed a phantom
    97 | D:5      | Reached skill level 4 in Unarmed Combat
    97 | D:5      | Gained mutation: Your touch may inflict minor irresistible
                  | damage on your foes. [demonic ancestry]
    97 | D:5      | Reached XP level 2. HP: 24/24 MP: 2/2
    97 | D:5      | Gained mutation: A weak demonic guardian rushes to your
                  | aid. [demonic ancestry]
    97 | D:5      | Reached XP level 3. HP: 29/29 MP: 3/3
    97 | D:5      | Reached XP level 4. HP: 35/35 MP: 4/4
   216 | D:5      | Found a staircase to the Ecumenical Temple.
   226 | Temple   | Entered the Ecumenical Temple
   399 | D:5      | Noticed a black bear
   480 | D:4      | Noticed Edmund
  1008 | D:1      | Gained mutation: Your touch may inflict irresistible damage
                  | on your foes. [demonic ancestry]
  1008 | D:1      | Reached XP level 5. HP: 41/41 MP: 5/5
  1101 | D:1      | Reached skill level 1 in Evocations
  1583 | D:2      | Found a faded altar of an unknown god.
  2399 | D:3      | Reached skill level 5 in Unarmed Combat
  2598 | D:4      | Killed Edmund
  2599 | D:4      | Reached XP level 6. HP: 8/47 MP: 6/6
  2876 | Temple   | Became a worshipper of Gozag Ym Sagoz the Greedy
  2978 | D:4      | Noticed Grinder
  2988 | D:4      | Paralysed by Grinder for 3 turns
  2993 | D:4      | Killed Grinder
  2994 | D:4      | Reached skill level 6 in Unarmed Combat
  2994 | D:4      | Reached XP level 7. HP: 16/52 MP: 7/7
  3132 | D:4      | Found an ornate altar of the Wu Jian Council.
  3176 | D:4      | Noticed Eustachio
  3599 | D:4      | Found a runed translucent gate.
  3599 | D:4      | Found a runed translucent gate.
  3729 | D:3      | Slain by an ice beast

Illustrated notes

Levels and vault maps discovered:
D:1:      tarquinn_simple_flora_water_d, layout_loops_ring, minmay_tromino_v7
D:2:      layout_rooms, shapermc_ecumenical_altar_mp_ritualfount,
          minmay_lizard_pond
D:3:      layout_loops_ring
D:4:      layout_rooms, nzn_wu_jian_contemplation, serial_glass,
          glass_columns_a, glass_columns_a, gammafunk_ghost_cemetery,
          minmay_misc_feat_room, wad_orctagon, uniq_duvessa, uniq_edmund,
          uniq_eustachio, uniq_grinder, uniq_pikel
D:5:      layout_basic, minmay_temple_entry_overgrown
Temple:   nicolae_temple_bog_church

Skill      XL: |  1  2  3  4  5  6 |
---------------+-------------------+-----
Unarmed Combat | 4 5 6 |  6.1
Evocations     | 2 4 |  4.2
Fighting       | |  3.0
Dodging        | |  1.7
Stealth        | |  4.5

Action                     |  1- 3 |  4- 6 |  7- 9 || total
---------------------------+-------+-------+-------++-------
  Melee: Unarmed           |    11 |   164 |    42 ||   217
         Touch             |       |    29 |     7 ||    36
         Punch             |       |     3 |     3 ||     6
  Throw: Dart              |       |     1 |       ||     1
  Evoke: Wand              |     1 |     6 |     1 ||     8
    Use: Potion            |       |     2 |     1 ||     3
         Scroll            |       |     8 |       ||     8
   Stab: Sleeping          |       |     8 |       ||     8
         Invisible         |       |     1 |       ||     1
 Armour: Leather armour    |       |    91 |    51 ||   142
  Dodge: Dodged            |     8 |   109 |    22 ||   139

Table legend: (Time is in decaauts)
 A = Elapsed time spent in this place.
 B = Non-inter-level travel time spent in this place.
 C = Inter-level travel time spent in this place.
 D = Time resting spent in this place.
 E = Time spent auto-exploring this place.
 F = Levels seen in this place.
 G = Mean time per level.
                   A        B        C        D        E       F      G
               +--------+--------+--------+--------+--------+-----+--------+
         Total |   3698 |   3421 |    277 |      0 |   2720 |   6 |  616.3 |
       Dungeon |   3672 |   3417 |    255 |      0 |   2720 |   5 |  734.4 |
        Temple |     25 |      4 |     21 |      0 |      0 |   1 |   25.0 |
               +--------+--------+--------+--------+--------+-----+--------+

Top non-repeatable levels by time:
     D:3: 1273 daAuts
     D:1: 810 daAuts
     D:4: 565 daAuts
     D:5: 558 daAuts
     D:2: 465 daAuts
  Temple: 25 daAuts
